 Dungeon Crawl Stone Soup version 0.20-a0-1040-gfd09691 (webtiles) character file.

81 Jarno the Shield-Bearer (level 4, -6/39 HPs)
             Began as a Gnoll Fighter on Apr 23, 2017.
             Mangled by an orc
             ... wielding a +2 hand axe of electrocution
              (19 damage)
             ... on level 3 of the Dungeon.
             The game lasted 00:02:58 (1397 turns).

Jarno the Shield-Bearer (Gnoll Fighter)             Turns: 1397, Time: 00:02:58

Health: -6/39      AC:  6    Str: 15    XL:     4   Next: 42%
Magic:  4/4        EV:  8    Int:  8    God:
Gold:   70         SH:  9    Dex: 14    Spells: 3/3 levels left

rFire    . . .     SeeInvis .   a - +0 long sword
rCold    . . .     Gourm    .   c - +0 shield
rNeg     . . .     Faith    .   l - +0 ring mail
rPois    .         Spirit   .   (no helmet)
rElec    .         Reflect  .   (no cloak)
rCorr    .         Harm     .   (no gloves)
MR       .....                  (no boots)
Stlth    +.........             (no amulet)
Regen    0.2/turn               (no ring)
MPRegen  0.1/turn               (no ring)

@: drained
A: short attention span, fangs 1, strong nose
a: no special abilities


You were on level 3 of the Dungeon.
You were not hungry.

You visited 1 branch of the dungeon, and saw 3 of its levels.

You collected 70 gold pieces.

Inventory:

Hand Weapons
 a - a +0 long sword (weapon)
Missiles
 s - 3 tomahawks (quivered)
Armour
 b - a +0 scale mail
 c - a +0 shield (worn)
 l - a +0 ring mail (worn)
Jewellery
 o - an uncursed ring of protection from cold {unknown}
Scrolls
 e - 2 scrolls of remove curse {unknown}
 g - 2 scrolls of identify {unknown}
 h - 2 scrolls of noise {unknown}
 j - a scroll of fear {unknown}
 k - a scroll of enchant weapon {unknown}
 p - a scroll of recharging {unknown}
 t - 2 scrolls of amnesia {unknown}
Potions
 d - a potion of might
 i - 2 potions of lignification {unknown}
 n - a potion of resistance {unknown}
Comestibles
 f - 2 bread rations
 q - a royal jelly
 r - a meat ration


   Skills:
 + Level 5.0(4.2) Fighting
 + Level 4.3(3.5) Long Blades
 + Level 5.1(4.4) Armour
 + Level 1.3(0.6) Dodging
 + Level 5.3(4.5) Shields


You had 3 spell levels left.
You didn't know any spells.

Dungeon Overview and Level Annotations

Branches:
Dungeon (3/15)

Altars:
Makhleb


Innate Abilities, Weirdness & Mutations

You have a short attention span.
You have very sharp teeth.
Your uncanny sense of smell can sniff out nearby items.


Message History

The orc hits you with a flail.
You hit the orc but do no damage. Your bite misses the orc.
The orc hits you but does no damage.
You hit the orc but do no damage. You bite the orc, but do no damage.
You block the orc's attack.
You barely miss the orc. You bite the orc, but do no damage.
The orc hits you but does no damage.
Your shield and ring mail prevent you from hitting the orc.
You block the orc's attack.
You hit the orc but do no damage. You block the orc's attack.
You hit the orc but do no damage. Your bite misses the orc.
The orc hits you with a flail. x2
You slash the orc!
You kill the orc!
You closely miss the orc. You block the orc's attack.
You barely miss the orc. You block the orc's attack.
You barely miss the orc.
The orc hits you with a hand axe of electrocution.
You are electrocuted!
You die...

######.####
#..@oo....#
#.####.#.##
#.# #.# #.#
#.# #.#
#.#########
#.........#


You could see 2 orcs.

Vanquished Creatures
  2 worms (D:2)
  4 dart slugs
  A leopard gecko (D:1)
  3 orcs (D:3)
  2 ball pythons
  4 giant cockroaches
  5 goblins
  6 hobgoblins
  7 jackals
  7 kobolds
  11 bats
  4 frilled lizards
  4 rats
60 creatures vanquished.

Notes
Turn   | Place    | Note
-------+----------+-------------------------------------------
     0 | D:1      | Jarno the Gnoll Fighter began the quest for the Orb.
     0 | D:1      | Reached XP level 1. HP: 20/20 MP: 1/1
   117 | D:1      | Reached XP level 2. HP: 23/26 MP: 2/2
   292 | D:1      | Reached skill level 5 in Shields
   345 | D:1      | Reached XP level 3. HP: 28/32 MP: 3/3
   890 | D:2      | Found a burning altar of Makhleb.
   896 | D:2      | Noticed a blizzard demon
   900 | D:2      | Noticed a smoke demon
   900 | D:2      | Noticed a smoke demon
   951 | D:2      | Reached skill level 1 in Dodging
   959 | D:2      | Reached skill level 5 in Armour
   959 | D:2      | Reached XP level 4. HP: 35/38 MP: 4/4
  1380 | D:3      | Reached skill level 5 in Fighting
  1397 | D:3      | Mangled by an orc

Vault maps used:
D:1:      evilmike_arrival_rings, dk_noncrumbling_3, minmay_split_cup_small
D:2:      makhleb_altar_promises_db
D:3:      regret_index_temple_of_mockery

Skill      XL: |  1  2  3  4 |
---------------+-------------+-----
Shields        | 5 |  5.3
Long Blades    | 4 |  4.3
Dodging        | 1 |  1.3
Armour         | 5 |  5.1
Fighting       | 5 |  5.0

Action                   |  1- 3 |  4- 6 || total
-------------------------+-------+-------++-------
Melee: Long sword        |   129 |    59 ||   188
       Bite              |    16 |     9 ||    25
  Eat: Chunk             |       |     2 ||     2
Armor: Scale mail        |    49 |       ||    49
       Ring mail         |     9 |    24 ||    33
Dodge: Dodged            |    40 |    15 ||    55
Block: Shield            |    80 |    33 ||   113
       Rpst.: Long sword |    14 |     4 ||    18
